 Dungeon Crawl Stone Soup version 0.30.1-4-g462c640d31 (webtiles) character file.

Game seed: 4521311109613779122

83 Graphine the Slasher (level 4, -3/37 HPs)
             Began as a Merfolk Monk on Sept 14, 2023.
             Killed from afar by Natasha (18 damage)
             ... with a bolt of dispelling energy
             ... on level 2 of the Dungeon.
             The game lasted 00:02:19 (1322 turns).

Graphine the Slasher (Merfolk Monk)                 Turns: 1322, Time: 00:02:20

Health: -3/37      AC:  8    Str: 11    XL:     4   Next: 44%
Magic:  4/4        EV:  7    Int:  9    God:
Gold:   85         SH:  0    Dex: 18    Spells: 3/3 levels left

rFire   . . .        a - +0 falchion
rCold   . . .        d - orb {light}
rNeg    . . .        b - +0 chain mail
rPois   .            (no helmet)
rElec   .            (no cloak)
rCorr   .            (no gloves)
SInv    +            (no boots)
Will    .....        q - amulet of regeneration Stlth
                     k - ring of see invisible
HPRegen 1.06/turn    (no ring)
MPRegen 0.09/turn

%: no passive effects
@: glowing
A: (nimble swimmer 2), mertail
a: no special abilities


You were on level 2 of the Dungeon.
You visited 1 branch of the dungeon, and saw 2 of its levels.

You collected 85 gold pieces.

Inventory:

Hand Weapons
 a - a +0 falchion (weapon)
 p - a +3 sling of flaming
Missiles
 l - 6 javelins (quivered)
 n - 5 atropa-tipped darts
Armour
 b - a +0 chain mail (worn)
 d - an orb of light (worn)
Jewellery
 k - a ring of see invisible (left hand)
 q - an amulet of regeneration (around neck)
Scrolls
 g - a scroll of silence {unknown}
 i - a scroll of enchant weapon {unknown}
 o - 2 scrolls of poison {unknown}
 r - a scroll of noise {unknown}
Potions
 c - a potion of ambrosia
 e - 2 potions of curing {unknown}
 f - a potion of heal wounds {unknown}
 h - a potion of haste {unknown}
 j - a potion of invisibility {unknown}
 m - a potion of attraction {unknown}


   Skills:
 + Level 4.1 Fighting
 * Level 5.4 Long Blades
 - Level 4.0 Dodging


You had 3 spell levels left.
You didn't know any spells.
Your spell library contained the following spells:

 Spells                   Type           Power      Damage    Failure   Level
 Magic Dart               Conj           0%         1d3       100%        1
 Shock                    Conj/Air       0%         1d3       100%        1
 Searing Ray              Conj           0%         2d4       100%        2
 Swiftness                Air            0%         N/A       100%        3
 Airstrike                Air            0%         2d(0-16)  100%        4
 Fulminant Prism          Conj/Hex       0%         3d5       100%        4
 Iskenderun's Battlesphe  Conj           0%         2d6       100%        5
 Iron Shot                Conj/Erth      0%         9d1       100%        6
 Spellforged Servitor     Conj/Summ      0%         N/A       100%        7


Dungeon Overview and Level Annotations

Branches:
Dungeon (2/15)

Altars:

Annotations:
D:2 Natasha


Innate Abilities, Weirdness & Mutations

((You are very nimble when in or above water. (Stealth+, EV+, Speed+++)))
Your lower body shifts to a powerful aquatic tail in water.


Message History

r - a scroll labelled DAKHLU YRYVI You start putting on your amulet.
You continue putting on your amulet of regeneration. x5
You finish putting on your amulet of regeneration.
The amulet throbs as it attunes itself to your uninjured body.
q - an amulet of regeneration (around neck) Natasha, Servant of Life and Death comes into view.
She is carrying a wand of quicksilver (7).
Natasha is nearby!
Natasha hisses angrily.
You barely miss Natasha. Natasha claws you but does no damage.
You hit Natasha.
Natasha is lightly wounded.
Natasha zaps a wand.
The bolt of dispelling energy hits you!
You hit Natasha.
Natasha is lightly wounded.
Natasha zaps a wand.
The bolt of dispelling energy hits you.
Natasha mumbles some strange words.
You barely miss Natasha.
Natasha is lightly wounded.
Natasha claws you.
The cerulean imp hits you from afar with a +2 spear.
You hit Natasha.
Natasha is heavily wounded.
Natasha claws you but does no damage.
The cerulean imp hits you but does no damage.
You hit Natasha.
Natasha is almost dead.
Natasha casts a spell.
The cerulean imp hits you from afar with a +2 spear.
You hit Natasha but do no damage.
Natasha is almost dead.
The cerulean imp barely misses you. Natasha claws you.
You are too injured to fight recklessly!
You are too injured to fight recklessly!
You barely miss Natasha.
Natasha is almost dead.
The cerulean imp hits you from afar with a +4 spear.
Natasha zaps a wand.
The bolt of dispelling energy hits you!!
You die...

########.........
###
##......#........#
...
##.........########
.... #..........#
.....#).......>.#
....#..........#
#.5.5........#
###h.........#
##@.......##
##........##
#..........#
#..........#
#..........#
#..........#
#..........#
##........##
##......##


You could see Natasha and 2 cerulean imps.

Vanquished Creatures
  Natasha (twice) (D:2)
  2 ball pythons
  6 endoplasms (D:1)
  2 giant cockroaches
  3 goblins
  2 hobgoblins
  3 jackals (D:1)
  A kobold (D:1)
  2 quokkas (D:1)
  4 bats
  A rat (D:1)
28 creatures vanquished.

Notes
Turn   | Place    | Note
-------+----------+-------------------------------------------
     0 | D:1      | Graphine the Merfolk Monk began the quest for the Orb.
     0 | D:1      | Reached XP level 1. HP: 18/18 MP: 1/1
   252 | D:1      | Reached skill level 4 in Long Blades
   254 | D:1      | Reached XP level 2. HP: 23/24 MP: 2/2
   784 | D:1      | Reached XP level 3. HP: 29/30 MP: 3/3
  1022 | D:2      | Noticed Natasha
  1029 | D:2      | Killed Natasha
  1030 | D:2      | Reached skill level 5 in Long Blades
  1060 | D:2      | Reached XP level 4. HP: 29/37 MP: 4/4
  1167 | D:2      | Noticed Natasha
  1178 | D:2      | Killed Natasha
  1313 | D:2      | Noticed Natasha
  1322 | D:2      | Killed from afar by Natasha

Illustrated notes

Levels and vault maps discovered:
D:1:      grunt_arrival_lava_bath, layout_basic
D:2:      layout_rooms, uniq_natasha

Skill      XL: |  1  2  3 |
---------------+----------+-----
Long Blades    | 4 5 |  5.4
Fighting       | 4 |  4.1
Dodging        | |  4.0

Action                     |  1- 3 |  4- 6 || total
---------------------------+-------+-------++-------
  Melee: Falchion          |    70 |    21 ||    91
  Throw: Dart              |     2 |       ||     2
 Armour: Robe              |    13 |       ||    13
         Chain mail        |    23 |    19 ||    42
         Leather armour    |     1 |       ||     1
  Dodge: Dodged            |    45 |    10 ||    55
